 Dungeon Crawl Stone Soup version 0.31.0-9-g3a7656b989 (webtiles) character file.

Game seed: 14870015160018195214

210 qw the Skirmisher (level 5, -1/30 HPs)
             Began as a Deep Elf Hunter on Feb 2, 2024.
             Killed by divine providence
             ... invoked by an orc priest
              (9 damage)
             ... on level 4 of the Dungeon.
             The game lasted 00:00:10 (2859 turns).

qw the Skirmisher (Deep Elf Hunter)                 Turns: 2859, Time: 00:00:11

Health: -1/30      AC:  6    Str: 10    XL:     5   Next: 56%
Magic:  7/7        EV: 11    Int: 14    God:
Gold:   176        SH:  0    Dex: 18    Spells: 4/4 levels left

rFire   + . .        a - +0 shortbow
rCold   . . .        (shield currently unavailable)
rNeg    . . .        b - +1 ring mail
rPois   .            (no helmet)
rElec   .            (no cloak)
rCorr   .            (no gloves)
SInv    .            (no boots)
Will    .....        (no amulet) Stlth
                     f - ring of protection from fire
HPRegen 0.25/turn    (no ring)
MPRegen 0.10/turn

%: no passive effects
@: confused
A: no striking features
a: no special abilities


You were on level 4 of the Dungeon.
You visited 1 branch of the dungeon, and saw 4 of its levels.

You collected 176 gold pieces.


   Skills:
 + Level 1.6 Fighting
 - Level 9.1 Ranged Weapons
 - Level 2.4 Dodging
 - Level 1.2 Stealth


You had 4 spell levels left.
You didn't know any spells.
Your spell library was empty.

Inventory:

Hand Weapons
 a - a +0 shortbow (weapon)
Armour
 b - a +1 ring mail (worn)
Jewellery
 f - a ring of protection from fire (left hand)
Scrolls
 d - 3 scrolls of identify
Potions
 c - 2 potions of heal wounds

Dungeon Overview and Level Annotations

Branches:
Dungeon (4/15)
 Temple: D:4-7

Altars:
Ru
Sif Muna
Zin

Shops:
D:1 (   D:3 :


Message History

The orc hits you with a +0 short sword.
2850 ||| DRINKING potion of curing.
You feel better.
2850 ||| (to cure confusion)
The orc wizard barely misses you. The orc barely misses you.
The orc priest hits you but does no damage.
You shoot an arrow. The arrow hits the orc wizard.
The orc wizard is almost dead.
The orc wizard points at you and mumbles some strange words.
You are confused.
The orc hits you with a +0 short sword.
The orc priest begins to cast a cantrip, but forgets the words!
The orc wizard hits you but does no damage.
The orc priest hits you but does no damage.
The orc hits you but does no damage.
The orc wizard hits you with a +0 dagger.
The orc priest miscasts a cantrip.
The orc closely misses you.
The orc wizard points at you and mumbles some strange words.
You are more confused.
The orc priest hits you with a +0 club. The orc hits you but does no damage.
The orc wizard points at you and mumbles some strange words.
The puff of flame hits you but does no damage.
You resist. The orc closely misses you.
The orc priest mumbles some strange prayers to Beogh against you.
Pain shoots through your body!
The orc wizard hits you but does no damage.
The orc priest hits you but does no damage.
The orc hits you but does no damage. The orc wizard casts a spell at you.
The magic dart hits you.
The orc priest hits you but does no damage.
The orc barely misses you. The orc wizard misses you.
The orc priest hits you with a +0 club. The orc hits you but does no damage.
The orc wizard gestures at you while chanting.
You are more confused.
The orc priest suddenly cheers.
The orc priest calls down the wrath of Beogh upon you.
Beogh smites you!
You die...

#.....#..##.......#
.+.._..'..##.......#
.#.....#..##..##...#
.#.###.#..##..##...#
.#.....#...#.......#
.#'###+#..##.......#
.+..# ...######...#
.#..# ...##..##o..#
.#..# ......)o@..#
.#..# .....)#o..#
.#..# .#### ##..#
.#..# ### .#..#
.#.%# .##'#
..#.#######
..#........


You could see an orc priest, an orc wizard and an orc.

Vanquished Creatures
  A scorpion (D:4)
  4 gnolls (D:3)
  2 adders
  4 dart slugs
  A ribbon worm (D:3)
  5 orcs
  4 ball pythons
  3 endoplasms (D:1)
  5 giant cockroaches
  10 goblins
  10 hobgoblins
  4 jackals
  2 quokkas
  9 bats
  6 frilled lizards
  5 kobolds
  5 rats
80 creatures vanquished.

Notes
Turn   | Place    | Note
-------+----------+-------------------------------------------
     0 | D:1      | qw the Deep Elf Hunter began the quest for the Orb.
     0 | D:1      | Reached XP level 1. HP: 12/12 MP: 3/3
     0 | D:1      | 0 ||| qw: Version: 0.3-a-155-g5e7d8dd
     0 | D:1      | 0 ||| qw: Game counter: 2141
     0 | D:1      | 0 ||| qw: Melee chars always use a shield: true
     0 | D:1      | 0 ||| qw: God list: Okawaru
     0 | D:1      | 0 ||| qw: Allow faded altars: false
     0 | D:1      | 0 ||| qw: Do Orc after clearing Dungeon:15 true
     0 | D:1      | 0 ||| qw: Do second Lair branch before Depths: true
     0 | D:1      | 0 ||| qw: Lair rune preference: random
     0 | D:1      | 0 ||| qw: Goals: Normal
     0 | D:1      | 0 ||| PLANNING D:1-11
    70 | D:1      | Reached skill level 6 in Ranged Weapons
    70 | D:1      | Reached XP level 2. HP: 14/16 MP: 4/4
    91 | D:1      | Found Wadomuabeo's Weapon Boutique.
    99 | D:1      | 99 ||| SHOPLISTING +2 shortbow of freezing (174 gold, have
                  | 0).
   232 | D:1      | Found a faded altar of an unknown god.
   318 | D:1      | Reached XP level 3. HP: 20/20 MP: 5/5
   727 | D:1      | 727 ||| READING scroll labelled WYTRIU RUCRU.
   727 | D:1      | 727 ||| IDENTIFYING blue potion
   728 | D:1      | 728 ||| DRINKING 2 fuming coppery potions.
   729 | D:1      | 729 ||| DROPPING scroll of butterflies.
   730 | D:1      | 730 ||| DROPPING potion of magic.
   783 | D:2      | Reached skill level 7 in Ranged Weapons
   865 | D:2      | 865 ||| FLEEEEING.
   866 | D:2      | 866 ||| FLEEEEING.
   867 | D:2      | 867 ||| FLEEEEING.
   869 | D:2      | 869 ||| FLEEEEING.
   870 | D:2      | 870 ||| FLEEEEING.
   872 | D:2      | 872 ||| FLEEEEING.
   930 | D:2      | Found a shimmering blue altar of Sif Muna.
  1392 | D:2      | 1392 ||| UPGRADING to +0 ring mail.
  1402 | D:2      | 1402 ||| DROPPING +0 leather armour.
  1403 | D:2      | 1403 ||| READING scroll of identify.
  1403 | D:2      | 1403 ||| IDENTIFYING clear potion
  1404 | D:2      | 1404 ||| READING scroll labelled QUMOMU ZOUNK.
  1405 | D:2      | 1405 ||| READING scroll labelled TICIS SA RAI.
  1409 | D:2      | 1409 ||| DROPPING potion of brilliance.
  1475 | D:3      | Reached XP level 4. HP: 25/25 MP: 6/6
  1748 | D:3      | Reached skill level 8 in Ranged Weapons
  2081 | D:3      | 2081 ||| FLEEEEING.
  2164 | D:3      | Reached XP level 5. HP: 29/29 MP: 7/7
  2261 | D:3      | Found a sacrificial altar of Ru.
  2558 | D:3      | Found Esiung's Book Shop.
  2563 | D:3      | 2563 ||| UPGRADING to ring of protection from fire.
  2564 | D:3      | 2564 ||| READING scroll of identify.
  2564 | D:3      | 2564 ||| IDENTIFYING smoky dark potion
  2565 | D:3      | 2565 ||| READING scroll labelled NUDIUSTREVO.
  2566 | D:3      | 2566 ||| READING scroll labelled WOUSOM ZAIK.
  2566 | D:3      | 2566 ||| ENCHANTING +0 ring mail.
  2567 | D:3      | 2567 ||| DRINKING 3 cyan potions.
  2568 | D:3      | 2568 ||| DRINKING 2 white potions.
  2569 | D:3      | 2569 ||| DRINKING 2 potions of curing.
  2569 | D:3      | 2569 ||| (to cure confusion)
  2570 | D:3      | 2570 ||| DROPPING potion of ambrosia.
  2571 | D:3      | 2571 ||| DROPPING potion of berserk rage.
  2710 | D:4      | Reached skill level 9 in Ranged Weapons
  2805 | D:4      | Found a glowing silver altar of Zin.
  2850 | D:4      | 2850 ||| DRINKING potion of curing.
  2850 | D:4      | 2850 ||| (to cure confusion)
  2859 | D:4      | Killed from afar by an orc priest

Levels and vault maps discovered:
D:1:      minmay_arrival_plants_in_alcoves, layout_basic, serial_shops, shop,
          hellmonk_ecumenical_altar_arch_garden, minmay_misc_feat_nine_boxes
D:2:      layout_loops_ring, basic_altar
D:3:      minmay_angry_zag, layout_basic, nicolae_ru_awakened_eye, serial_shops,
          shop
D:4:      layout_gridville, mainiacjoe_overflow_six_doors_small,
          uniq_crazy_yiuf_cottage

Skill      XL: |  1  2  3  4  5 |
---------------+----------------+-----
Ranged Weapons | 6 7 8 9 |  9.1
Fighting       | |  1.6
Dodging        | |  2.4
Stealth        | |  1.2

Action                     |  1- 3 |  4- 6 || total
---------------------------+-------+-------++-------
   Fire: Shortbow          |   120 |   124 ||   244
    Use: Scroll            |     4 |     3 ||     7
         Potion            |     1 |     4 ||     5
 Armour: Leather armour    |    15 |       ||    15
         Ring mail         |       |    57 ||    57
  Dodge: Dodged            |    18 |    46 ||    64

Table legend:
 A = Non-vault XP
 B = Vault XP
 C = Vault XP percentage of total XP
 D = Non-vault monster count
 E = Vault monster count
 F = Vault count percentage of total count
                 A         B        C        D         E       F
            +---------+---------+-------+---------+---------+-------
      Total |     283 |      17 |   5.7 |      72 |       8 |  10.0
            +---------+---------+-------+---------+---------+-------
        D:1 |      54 |       0 |   0.0 |      30 |       0 |   0.0
        D:2 |      37 |       0 |   0.0 |      15 |       0 |   0.0
        D:3 |      98 |      17 |  14.8 |      19 |       8 |  29.6
        D:4 |      94 |       0 |   0.0 |       8 |       0 |   0.0
            +---------+---------+-------+---------+---------+-------
